[Event "Early-Titled-Tuesday-Blitz-March-05-2024"]
[Site "Chess.com"]
[Date "2024.03.05"]
[Round "9"]
[White "VinzentSpitzl"]
[Black "Kildepiotr"]
[Result "0-1"]
[WhiteElo "2529"]
[BlackElo "2691"]
[TimeControl "180+1"]
[EndTime "9:46:42 PST"]
[Termination "Kildepiotr won by resignation"]

1. e4 g6 2. d4 Bg7 3. Nc3 c6 4.
h3 d6 5. Nge2 Nd7 6. a4 e5 7.
Be3 Ngf6 8. g4 Qe7 9. Bg2 h5 10. g5 Nh7 11. Qd2 h4 12. f4 exf4 13. Bxf4 Nhf8 14.
O-O Ne6 15. Be3 O-O 16. Rad1 Nb6 17. b3 Bd7 18. a5 Nc8 19. d5 Nc5 20. Qe1 Qd8 21.
b4 Na6 22. Nb1 cxd5 23. exd5 Bb5 24. Rf4 Re8 25. c4 Bxc4 26. Rxc4 Rxe3 27. Qf2 Qe8 28. Nf4 Rg3 29. Re1 Qf8 30. Rce4 Nc7 31. Nxg6 fxg6 32. Rf4 Qd8 33. Rxh4 Qxg5 34. Rc4 Nxd5 35. Re8+ Kh7 36. Qf7 Rxg2+ 37. Kf1 Rg1+ 38. Ke2 Qg2+ 39. Qf2 Qxf2+ 40. Kxf2 Rxb1 41. Rcxc8 Rxc8 42. Rxc8 Rxb4 0-1

[Event "Early-Titled-Tuesday-Blitz-March-05-2024"]
[Site "Chess.com"]
[Date "2024.03.05"]
[Round "9"]
[White "Kumi29"]
[Black "AttilaTurzo"]
[Result "0-1"]
[WhiteElo "2589"]
[BlackElo "2484"]
[TimeControl "180+1"]
[EndTime "9:46:43 PST"]
[Termination "AttilaTurzo won on time"]

1. d4 Nf6 2. Bg5 e6 3. Nd2 h6 4.
Bh4 c5 5. e3 b6 6. Qf3 Nc6 7.
Ne4 Be7 8. Bxf6 gxf6 9. d5 exd5 10.
Nc3 Nb4 11. O-O-O Bb7 12. a3 Na6 13. Nxd5 Rb8 14. Bb5 Kf8 15. Qf4 d6 16. Nxe7 Kxe7 17. Nf3 Nc7 18. Bc4 Bxf3 19. gxf3 b5 20. Bd5 b4 21. a4 Qd7 22. b3 Qd8 23. Qc4 Ne6 24. f4 Qf8 25. f5 Nc7 26. Rd2 Rd8 27. Bb7 Qg7 28. Qe4+ Kf8 29. Rdd1 Qg5 30. Rhg1 Qh5 31. Bc6 Qe2 32. Rxd6 Rxd6 33. Bb5 Nxb5 34. Qa8+ Ke7 35. Qxh8 Na3 0-1

[Event "Early-Titled-Tuesday-Blitz-March-05-2024"]
[Site "Chess.com"]
[Date "2024.03.05"]
[Round "9"]
[White "MaxLeto"]
[Black "Happy1712Drummer"]
[Result "1-0"]
[WhiteElo "2448"]
[BlackElo "2301"]
[TimeControl "180+1"]
[EndTime "9:46:44 PST"]
[Termination "MaxLeto won on time"]

1. g4 d5 2. Bg2 Bxg4 3. c4 e6 4. Qb3 Nd7 5. Qxb7 Ngf6 6. Nc3 Rb8 7. Qxa7 Bc5 8. Qa4 O-O 9. cxd5 Nb6 10. Qc6 Be7 11.
dxe6 Bxe6 12. Nf3 Nbd5 13. d3 Nb4 14. Qa4 Ra8 15. Qd1 Nxa2 16. Nxa2 Bxa2 17. O-O Bd6 18. Bg5 h6 19. Bh4 Be7 20. Qc2 Nd5 21. Bxe7 Qxe7 22. b3 Qa3 23. Nd2 Nb4 24. Qc3 Ra6 25. Rfc1 Rg6 26.
Kf1 Rf6 27. Ne4 Rg6 28. Nc5 Qa7 29. Qxb4 Rb6 30. Qd2 Rg6 31. Rxa2 Qb6 32. Ra6 Qb5 33.
Rxg6 fxg6 34. Ne4 Qf5 35. Qe3 1-0

[Event "Early-Titled-Tuesday-Blitz-March-05-2024"]
[Site "Chess.com"]
[Date "2024.03.05"]
[Round "9"]
[White "ChessBliss09"]
[Black "McCarthyStone"]
[Result "0-1"]
[WhiteElo "2203"]
[BlackElo "2369"]
[TimeControl "180+1"]
[EndTime "9:46:46 PST"]
[Termination "McCarthyStone won by checkmate"]

1. c4 Nf6 2. Nc3 g6 3. g3 Bg7 4.
Bg2 O-O 5. Nf3 c6 6. O-O d6 7. d4 Qa5 8. Bd2 Qh5 9. Qc2 Bh3 10. Qd3 Nbd7 11. e4 Ng4 12. Ne2 e5 13. dxe5 Bxg2 14. Kxg2 Ndxe5 15. Qb3 Nxf3 16. Kxf3 Ne5+ 17. Kg2 Qxe2 18.
Bf4 Qxc4 19. Qe3 Rfe8 20. Rfc1 Qe6 21. Rd1 Nc4 22. Qb3 Qxe4+ 23. Kg1 Ne5 24. Bxe5 Bxe5 25.
Re1 Qd4 26. Qxb7 Qb6 27. Qd7 Rad8 28. Qg4 Qxb2 29. Qf3 c5 30. Rab1 Qxa2 31. Rb7 a5 32. Qxf7+ Qxf7 33. Rxf7 Kxf7 34. Rb1 a4 35. Rb7+ Re7 36.
Ra7 Rxa7 37. Kg2 a3 38. h4 a2 39. h5 a1=Q 40. hxg6+ Kxg6 41. f4 Ra2+ 42. Kh3 Qh1+ 43. Kg4 Qh5# 0-1

[Event "Early-Titled-Tuesday-Blitz-March-05-2024"]
[Site "Chess.com"]
[Date "2024.03.05"]
[Round "9"]
[White "Indianlad"]
[Black "Chopper1905"]
[Result "1/2-1/2"]
[WhiteElo "3030"]
[BlackElo "2970"]
[TimeControl "180+1"]
[EndTime "9:46:47 PST"]
[Termination "Game drawn by repetition"]

1. Nf3 d5 2. e3 Nf6 3. c4 e6 4. Nc3 Bd6 5. b3 c5 6. Bb2 Nc6 7. cxd5 exd5 8. Bb5 O-O 9. O-O Bg4 10. Bxc6 bxc6 11.
Ne2 Nd7 12. Ng3 h5 13. h3 h4 14. hxg4 hxg3 15. Qc2 Re8 16. Qf5 g6 17. Qc2 Re4 18. g5 Qe7 19. Rac1 a5 20. Qc3 Ne5 21. fxg3 d4 22.
Qc2 Rg4 23. exd4 cxd4 24. Nxd4 Rxg3 25. Qe4 Qxg5 26. Rf2 Nd3 27. Qxc6 Rd8 28. Rcf1 Nxf2 29. Rxf2 Be5 30. Qc4 Rd7 31. Ne6 Qg4 32. Qc8+ Kh7 33. Qxd7 Qd1+ 34. Rf1 Rxg2+ 35. Kxg2 Qe2+ 36. Rf2 Qg4+ 37. Kf1 Qd1+ 38. Kg2 Qg4+ 39. Kf1 Qd1+ 40. Kg2 Qg4+ 1/2-1/2

[Event "Early-Titled-Tuesday-Blitz-March-05-2024"]
[Site "Chess.com"]
[Date "2024.03.05"]
[Round "9"]
[White "FMStan15"]
[Black "Pelusiansky"]
[Result "0-1"]
[WhiteElo "2098"]
[BlackElo "2572"]
[TimeControl "180+1"]
[EndTime "9:46:47 PST"]
[Termination "Pelusiansky won on time"]

1. e4 c6 2. d4 d5 3. e5 Bf5 4.
Bd3 Bxd3 5. Qxd3 e6 6. c3 c5 7. Ne2 Nc6 8. O-O Nge7 9. Rd1 Nf5 10. Nd2 cxd4 11. cxd4 Be7 12. Nf3 O-O 13. a3 Rc8 14. b4 a5 15. b5 Na7 16. a4 Bb4 17. Bb2 Rc4 18. Nf4 Nc8 19. Nd2 Bxd2 20. Rxd2 Nb6 21. Qb3 Qg5 22. g3 Rfc8 23. Rdd1 Rb4 24. Qa2 Rxa4 25.
Qb1 Rxa1 26. Qxa1 Nc4 27. Bc3 b6 28. Rc1 Qd8 29. Ne2 Qd7 30. Rb1 h6 31. h4 Qe7 32.
Qa2 Qa3 33. Qc2 Qe7 34. Qd3 a4 35. Ra1 a3 36. Qc2 Qd7 37. Qb3 Ra8 38. Nc1 Ne7 39. Na2 Nc8 40. Qb4 Ra5 41. Rb1 Na7 42. Qb3 Rxb5 43.
Qc2 Rxb1+ 44. Qxb1 Qa4 45. Nb4 Nb5 46. Be1 Nxd4 47.
Qa1 Nc2 48. Nxc2 Qxc2 49. Kg2 Qb2 50. Bc3 Qxa1 51. Bxa1 b5 52. Bc3 a2 0-1

[Event "Early-Titled-Tuesday-Blitz-March-05-2024"]
[Site "Chess.com"]
[Date "2024.03.05"]
[Round "9"]
[White "Seochesspie"]
[Black "nihalsarin"]
[Result "1/2-1/2"]
[WhiteElo "2828"]
[BlackElo "3167"]
[TimeControl "180+1"]
[EndTime "9:46:49 PST"]
[Termination "Game drawn - insufficient material"]

1. c4 b6 2. Nc3 Bb7 3. d4 Nf6 4. Qc2 e6 5. e4 Bb4 6. Bd3 d6 7.
Ne2 Nbd7 8. a3 Bxc3+ 9. Nxc3 O-O 10. O-O e5 11. d5 a5 12. Rb1 Nh5 13. b4 axb4 14.
axb4 Nf4 15. Rd1 Qg5 16. Bf1 Nf6 17. g3 Qg6 18. Kh1 N4h5 19. f3 Bc8 20. c5 bxc5 21. bxc5 Ba6 22. Nb5 Bxb5 23. Bxb5 Rab8 24. Be3 dxc5 25.
Bxc5 Rfc8 26. Bf2 Ne8 27. Bd7 Rd8 28. Rxb8 Rxb8 29. Bxe8 Rxe8 30. Qxc7 Qa6 31. Qc6 Qa8 32. Bb6 Nf6 33. Qxa8 Rxa8 34. Rc1 h5 35. Kg2 Ra2+ 36. Bf2 g5 37. Rd1 Kf8 38. Kf1 g4 39. fxg4 Nxe4 40. Be1 hxg4 41. d6 Ke8 42. d7+ Kd8 43. Bb4 Ra8 44.
Rd5 f6 45. Ba5+ Rxa5 46. Rxa5 Kxd7 47. Kg2 Ke6 48. h3 gxh3+ 49. Kxh3 Kf5 50. Kg2 Ng5 51. Ra4 e4 52. Ra5+ Kg4 53. Ra4 f5 54.
Ra8 e3 55. Ra3 f4 56. gxf4 Kxf4 57. Rxe3 Kxe3 1/2-1/2

[Event "Early-Titled-Tuesday-Blitz-March-05-2024"]
[Site "Chess.com"]
[Date "2024.03.05"]
[Round "9"]
[White "Viacheslav92"]
[Black "FlemingA"]
[Result "1-0"]
[WhiteElo "2528"]
[BlackElo "2439"]
[TimeControl "180+1"]
[EndTime "9:46:49 PST"]
[Termination "Viacheslav92 won by checkmate"]

1. d4 g6 2. e4 Bg7 3. Nc3 a6 4. f4 b5 5. Nf3 Bb7 6. Bd3 Nf6 7.
e5 Nd5 8. Nxd5 Bxd5 9. O-O d6 10. Qe2 Nd7 11. f5 dxe5 12. dxe5 Bxf3 13. Qxf3 Nxe5 14. Qh3 Nxd3 15. cxd3 O-O 16. Bg5 Re8 17. Rae1 Qd4+ 18. Kh1 Qxb2 19. fxg6 hxg6 20. Re4 Rad8 21. Ref4 f5 22.
g4 Qe2 23. gxf5 Rxd3 24. Qh4 gxf5 25. Rxf5 Rd4 26. Qg3 Qe4+ 27. R5f3 Rf8 28. Bh6 Rf7 29. Kg1 Qg4 30. Rxf7 Qxg3+ 31. hxg3 Bxh6 32. Rxe7 Rd2 33.
Rf2 Rd1+ 34. Kg2 Rc1 35. Kh3 Rh1+ 36. Kg4 Rc1 37. Rf6 Bg7 38. Rg6 Rc4+ 39. Kh3 Kf8 40.
Rgxg7 a5 41. Rgf7+ Kg8 42. Rxc7 Ra4 43. Rfd7 Re4 44.
Rd8+ Re8 45. Rxe8# 1-0

[Event "Early-Titled-Tuesday-Blitz-March-05-2024"]
[Site "Chess.com"]
[Date "2024.03.05"]
[Round "9"]
[White "ATM622"]
[Black "Chesstiger64"]
[Result "0-1"]
[WhiteElo "2520"]
[BlackElo "2389"]
[TimeControl "180+1"]
[EndTime "9:46:50 PST"]
[Termination "Chesstiger64 won on time"]

1. d4 d6 2. c4 e5 3. e3 Nc6 4.
Nc3 Nf6 5. Be2 Be7 6. Nf3 O-O 7. O-O Bg4 8. Ng5 Bxe2 9. Nxe2 exd4 10. exd4 Re8 11.
h3 h6 12. Nf3 Bf8 13. Re1 Qd7 14. Be3 g6 15. Nf4 Bg7 16. Qa4 Ne5 17. Qd1 Nxf3+ 18. Qxf3 Re4 19. Nd5 Qf5 20. Qxf5 gxf5 21. Nxc7 Rc8 22.
Nb5 Rc6 23. d5 Ra6 24. Bxa7 Rxc4 25. Bd4 Nxd5 26. Bxg7 Kxg7 27. Rad1 Rc5 28. Nd4 Kf6 29. a3 Nf4 30. b4 Re5 31. Rxe5 dxe5 32. Nb5 e4 33. Rd6+ Rxd6 34. Nxd6 b6 35. Nc4 Nd5 36. Kf1 Ke6 37. Ke2 Kd7 38. Kd2 f6 39. f3 Nf4 40.
Nxb6+ Kc6 41. Nc8 exf3 42. Ne7+ Kd7 43. gxf3 Kxe7 44. Ke3 Nxh3 45. a4 h5 46. a5 Kd7 47. b5 Kc7 48. f4 Ng5 49. fxg5 fxg5 50. Kf3 h4 51. Kg2 g4 52. Kh2 f4 53. Kg2 Kb7 54.
Kf2 h3 55. Kg1 g3 56. a6+ Ka7 0-1

[Event "Early-Titled-Tuesday-Blitz-March-05-2024"]
[Site "Chess.com"]
[Date "2024.03.05"]
[Round "9"]
[White "AndresDelgado77"]
[Black "Penafiel-Josselyne02"]
[Result "1-0"]
[WhiteElo "2290"]
[BlackElo "2045"]
[TimeControl "180+1"]
[EndTime "9:46:51 PST"]
[Termination "AndresDelgado77 won on time"]

1. e4 c5 2. Nf3 d6 3. d4 cxd4 4. Qxd4 a6 5. Bg5 Nc6 6. Qd2 h6 7. Bh4 Qb6 8. Nc3 e6 9. O-O-O Nf6 10. e5 dxe5 11. Bxf6 gxf6 12. Ne4 Be7 13. Nd6+ Kf8 14. Nc4 Qc7 15. Kb1 b5 16. Ne3 Bb7 17. Be2 Rc8 18.
h4 f5 19. h5 e4 20. Nd4 Bf6 21. Nexf5 exf5 22. Nxf5 Qe5 23. Qd6+ Qxd6 24. Nxd6 Rc7 25. Nxb7 Rxb7 26. Rd6 Nd4 27. Rxf6 Nxe2 28. Re1 Nd4 29. Rxe4 Rd7 30. Rxa6 Ne6 31. a3 Ke7 32. Rb6 Rhd8 33. Rxb5 Rd1+ 34. Ka2 R1d2 35. c4 Rxf2 36. g4 Rdd2 37.
c5 Kf8 38. c6 Nd4 39. Rb8+ 1-0

[Event "Early-Titled-Tuesday-Blitz-March-05-2024"]
[Site "Chess.com"]
[Date "2024.03.05"]
[Round "9"]
[White "Kislov_Oleg"]
[Black "lagunanivaria"]
[Result "0-1"]
[WhiteElo "2560"]
[BlackElo "2455"]
[TimeControl "180+1"]
[EndTime "9:46:52 PST"]
[Termination "lagunanivaria won by resignation"]

1. e4 c6 2. d4 d5 3. Nc3 dxe4 4. Nxe4 Bf5 5. Ng3 Bg6 6. N1e2 e6 7. Nf4 Bd6 8. Ngh5 Kf8 9. Bc4 Nf6 10. O-O Nxh5 11. Nxh5 Bxh2+ 12. Kxh2 Qh4+ 13. Kg1 Bxh5 14. Qd3 Nd7 15.
g3 Qg4 16. Bf4 Qf3 17. Qd2 Bg4 18. Rfe1 Bh3 19. Bf1 Bxf1 20. Rxf1 Nb6 21. Qb4+ Ke8 22. Rfe1 Qd5 23. b3 Rd8 24. Rad1 Qb5 25. Qa3 Qa6 26. Qxa6 bxa6 27. c4 Kd7 28. Re5 Kc8 29. Kg2 Rd7 30. Be3 Kb7 31. Rh1 Rdd8 32. g4 Nd7 33. Reh5 Nf6 34.
R5h4 h6 35. g5 Ng8 36. Kf3 Ne7 37. Ke4 Nf5 38. R4h3 Rh7 39. gxh6 gxh6 40. Rg1 h5 41. Ke5 h4 42. Rg4 Rh5 43. Kf6 Rd7 44. Rg8 Nxe3 45.
fxe3 Rf5+ 46. Kg7 Rg5+ 47. Kh7 f5+ 48. Kh6 Rxg8 49. Rxh4 Rh8+ 50. Kg5 Rxh4 51. Kxh4 Rg7 0-1

[Event "Early-Titled-Tuesday-Blitz-March-05-2024"]
[Site "Chess.com"]
[Date "2024.03.05"]
[Round "9"]
[White "martinmena"]
[Black "frequentblunders"]
[Result "0-1"]
[WhiteElo "2284"]
[BlackElo "2176"]
[TimeControl "180+1"]
[EndTime "9:46:52 PST"]
[Termination "frequentblunders won by checkmate"]

1. c4 e6 2. g3 d5 3. Bg2 Nf6 4.
Nf3 c5 5. O-O Nc6 6. cxd5 exd5 7. d4 Be7 8. Nc3 cxd4 9. Nxd4 O-O 10. Bg5 Be6 11. e3 Qd7 12. Qd2 h6 13. Bxf6 Bxf6 14. Nb3 Rad8 15. Ne2 Bh3 16. Nc5 Qf5 17. Bxh3 Qxh3 18.
Nf4 Qf5 19. Nxb7 Rb8 20. Nc5 Bxb2 21. Rab1 Ne5 22. Qxd5 Rfd8 23. Qe4 Qg4 24. Kg2 Qc8 25. Ncd3 f5 26. Qa4 Nxd3 27. Nxd3 Rxd3 28. Rfd1 Qb7+ 29. Kg1 Rxd1+ 30. Rxd1 Bf6 31. Rd7 Qb5 32. Qxb5 Rxb5 33. Rxa7 Rb1+ 34. Kg2 Rb2 35. a4 Ra2 36.
a5 Bc3 37. a6 Kh7 38. Ra8 Be1 39. Kf3 Rxf2# 0-1

[Event "Early-Titled-Tuesday-Blitz-March-05-2024"]
[Site "Chess.com"]
[Date "2024.03.05"]
[Round "9"]
[White "Hikaru"]
[Black "TigrVShlyape"]
[Result "1-0"]
[WhiteElo "3261"]
[BlackElo "2863"]
[TimeControl "180+1"]
[EndTime "9:46:53 PST"]
[Termination "Hikaru won on time"]

1. h3 d5 2. d4 Bf5 3. c4 e6 4.
Nc3 c6 5. Nf3 Nd7 6. Bf4 Qb6 7.
Qc1 a5 8. a3 Ngf6 9. c5 Qa7 10.
Nh4 Bg6 11. e3 Be7 12. Nxg6 hxg6 13. Bd3 O-O 14. O-O a4 15. Bc2 b5 16. Na2 Rfe8 17.
Nb4 Qb7 18. Bd3 Bd8 19. Bd6 e5 20. Qc2 Re6 21. b3 axb3 22. Qxb3 Be7 23. Bxe7 Rxe7 24. a4 bxa4 25. Rxa4 exd4 26. exd4 Ree8 27. Ba6 Qc7 28. Qg3 Ra7 29. Qxc7 Rxc7 30. Bd3 Nf8 31. Ra6 Rec8 32.
Rd1 Ne6 33. Be2 Kf8 34. Rd3 Ng8 35. Bg4 f5 36. Bd1 Ne7 37. Ba4 g5 38. Rd1 Kf7 39. Rd2 Kf6 40. Kh2 Kf7 41. Rb6 Kf6 42. Bd1 Ra7 43.
Bf3 Kf7 44. g4 Kg6 45. gxf5+ Kxf5 46. Bg4+ Kf6 47. Re2 Nxd4 48. Rxe7 Kxe7 49. Bxc8 1-0

[Event "Early-Titled-Tuesday-Blitz-March-05-2024"]
[Site "Chess.com"]
[Date "2024.03.05"]
[Round "9"]
[White "noblerone"]
[Black "bylavochka"]
[Result "0-1"]
[WhiteElo "2503"]
[BlackElo "2354"]
[TimeControl "180+1"]
[EndTime "9:46:53 PST"]
[Termination "bylavochka won on time"]

1. d4 Nf6 2. Nf3 g6 3. Bg5 Bg7 4. Nbd2 O-O 5. c3 d6 6. e3 c6 7. Bc4 Nbd7 8. O-O b5 9. Bb3 Bb7 10. a4 a6 11. Qc2 c5 12. Rad1 Rc8 13. dxc5 Nxc5 14. axb5 axb5 15. Ba2 Nfe4 16. Bh4 Nxd2 17. Nxd2 Qc7 18. Nf3 Be4 19. Qe2 Qb7 20. Ne1 Ra8 21.
Bb1 Rfe8 22. Bxe4 Qxe4 23. Bg3 b4 24. f3 Qb7 25. cxb4 Qxb4 26. Nd3 Nxd3 27. Rxd3 Ra2 28.
Rb1 Rxb2 29. Rxb2 Qxb2 30. Qxb2 Bxb2 31. Rb3 Bf6 32. e4 h5 33. Bf4 Bd4+ 34. Kf1 Rc8 35. Rd3 Bc5 36. Rc3 f6 37. Be3 Kf7 38. Bd2 Ke6 39.
Bf4 Ra8 40. Rc2 Ra1+ 41. Ke2 g5 42. Bg3 Rg1 43. Kd3 h4 44. Bf2 Rxg2 45. Bxc5 Rxc2 0-1

[Event "Early-Titled-Tuesday-Blitz-March-05-2024"]
[Site "Chess.com"]
[Date "2024.03.05"]
[Round "9"]
[White "ReadySkate"]
[Black "FuenfgegenWilly"]
[Result "0-1"]
[WhiteElo "2564"]
[BlackElo "2456"]
[TimeControl "180+1"]
[EndTime "9:46:54 PST"]
[Termination "FuenfgegenWilly won by resignation"]

1. d4 f5 2. Nc3 d5 3. f3 Nf6 4. e4 fxe4 5. fxe4 dxe4 6. Nge2 g6 7. Ng3 Bg7 8. Bc4 e6 9. O-O Nc6 10. Be3 Nd5 11. Nxd5 exd5 12. Bb3 Be6 13. c3 Qd7 14. a4 O-O-O 15. a5 Rhf8 16. a6 Rxf1+ 17. Qxf1 b6 18.
Ba4 Rf8 19. Qe2 Qd6 20. Rf1 Nd8 21. Rxf8 Qxf8 22. c4 Qb4 23. cxd5 Bxd5 24. Bc2 Qxb2 25. Qg4+ Be6 26. Qxe4 Qa1+ 27. Kf2 Qxa6 28. Bg5 Qb7 29. Qe3 Qd5 30. Ne2 Nf7 31. Bf4 Nd6 32. Bd3 Nf5 33. Ba6+ Kd7 34. Qc1 Bxd4+ 35. Nxd4 Qxd4+ 36. Kf1 c5 37. Bb5+ Ke7 38. Bg5+ Kf7 39. Be2 c4 40. Qa3 Qd7 41. g4 Nd4 42. Bh6 Qe7 43. Qb2 Qf6+ 44. Kg2 Nxe2 45. Qxe2 Bd5+ 46. Kg1 Qd4+ 47. Be3 Qe4 48.
Qf2+ Qf3 49. Qd2 Qh1+ 50. Kf2 Qxh2+ 51. Kf1 Qxd2 52. Bxd2 a5 53. Kf2 h5 54. g5 Ke6 55.
Bc3 Kf5 56. Kg3 Kxg5 0-1

[Event "Early-Titled-Tuesday-Blitz-March-05-2024"]
[Site "Chess.com"]
[Date "2024.03.05"]
[Round "9"]
[White "TheMagician"]
[Black "SlavenPastar"]
[Result "0-1"]
[WhiteElo "2217"]
[BlackElo "2605"]
[TimeControl "180+1"]
[EndTime "9:46:54 PST"]
[Termination "SlavenPastar won by checkmate"]

1. d4 b6 2. e4 Bb7 3. Nd2 e6 4. Bd3 Nf6 5. Ngf3 d5 6. e5 Ne4 7. Qe2 Nxd2 8. Bxd2 c5 9. c3 Be7 10. h4 a5 11. h5 h6 12. Bb5+ Bc6 13. a4 Bxb5 14.
Qxb5+ Qd7 15. Qxd7+ Kxd7 16. Ke2 Nc6 17. Be3 Rhb8 18.
g4 b5 19. axb5 Rxb5 20. Ra2 cxd4 21. Nxd4 Nxd4+ 22. Bxd4 Rab8 23. Rb1 f6 24. f4 fxe5 25.
Bxe5 Rg8 26. Kd3 g6 27. Rh1 gxh5 28. Rxh5 Rxg4 29. Rxh6 Rg3+ 30. Kc2 Rg2+ 31. Kb1 a4 32. Rh7 Ke8 33. Rh8+ Kf7 34. Rh7+ Kf8 35. Rh8+ Kf7 36. Rh7+ Ke8 37. Rh8+ Kd7 38. Rh7 a3 39. b4 Rg1+ 40. Kc2 Rb7 41. Rxa3 Kc6 42. Ra6+ Kb5 43. Rxe6 Ra7 44.
Rexe7 Ra2+ 45. Kd3 Rg3+ 46. Kd4 Rd2# 0-1

[Event "Early-Titled-Tuesday-Blitz-March-05-2024"]
[Site "Chess.com"]
[Date "2024.03.05"]
[Round "9"]
[White "Veganator13"]
[Black "viktorgen2021"]
[Result "1-0"]
[WhiteElo "2366"]
[BlackElo "2482"]
[TimeControl "180+1"]
[EndTime "9:46:54 PST"]
[Termination "Veganator13 won by resignation"]

1. c4 Nf6 2. g3 g6 3. Bg2 Bg7 4. Nc3 O-O 5. e4 d6 6. Nge2 c5 7. O-O Nc6 8. d3 e5 9. Nd5 Nxd5 10. cxd5 Nd4 11. Nxd4 cxd4 12. Qb3 f5 13. f4 fxe4 14. dxe4 Bg4 15. Rf2 exf4 16. gxf4 Rc8 17. Bd2 a6 18. h3 Bh5 19. Bb4 b5 20. Qa3 Rf6 21. Qxa6 d3 22.
Qxb5 Be2 23. Bc3 Rf7 24. Bxg7 Kxg7 25. Bf1 d2 26. Bxe2 Rc1+ 27. Rf1 Rxf4 28. Raxc1 Qg5+ 29. Kh1 dxc1=Q 30. Qd7+ Kh6 31. Rxc1 Rxe4 32. Rc7 Re7 33. Qxe7 Qxd5+ 34. Kg1 Qd4+ 35. Kf1 Qf4+ 36. Ke1 Qb4+ 37. Kf2 Qf4+ 38. Bf3 Qd2+ 39. Qe2 Qd4+ 40. Qe3+ Qxe3+ 41. Kxe3 1-0

[Event "Early-Titled-Tuesday-Blitz-March-05-2024"]
[Site "Chess.com"]
[Date "2024.03.05"]
[Round "9"]
[White "Gryffindorac8"]
[Black "sergeikim"]
[Result "0-1"]
[WhiteElo "2380"]
[BlackElo "2574"]
[TimeControl "180+1"]
[EndTime "9:46:54 PST"]
[Termination "sergeikim won on time"]

1. d4 Nf6 2. c4 g6 3. Nc3 Bg7 4. e4 d6 5. Nf3 O-O 6. h3 e5 7. d5 a5 8. Be3 Na6 9. g4 Nc5 10.
Nd2 Bd7 11. Be2 c6 12. h4 Ne8 13. g5 a4 14. h5 Nc7 15. Bxc5 dxc5 16. Bg4 Bc8 17. h6 Bh8 18. Bxc8 Qxc8 19. Qe2 Qd8 20. Qe3 b6 21. O-O-O cxd5 22. Nxd5 Ne6 23. Nf3 Nd4 24.
Nxd4 cxd4 25. Qd2 Rc8 26. Kb1 f6 27. gxf6 Bxf6 28. f4 exf4 29. Qxf4 Bh8 30. Qg4 Qd6 31.
Rhf1 Qe5 32. Rxf8+ Rxf8 33. Qd7 Qxe4+ 34. Ka1 Re8 35. a3 Qe6 36. Qb7 d3 37. Rxd3 Qe4 38. Rd1 Qe5 39. Rb1 Qd6 40. Rf1 Qxa3+ 0-1

[Event "Early-Titled-Tuesday-Blitz-March-05-2024"]
[Site "Chess.com"]
[Date "2024.03.05"]
[Round "9"]
[White "lluiss"]
[Black "Willi_Skibbe"]
[Result "1-0"]
[WhiteElo "2175"]
[BlackElo "2288"]
[TimeControl "180+1"]
[EndTime "9:46:55 PST"]
[Termination "lluiss won by resignation"]

1. Nf3 d5 2. d4 Nf6 3. c4 c6 4.
cxd5 cxd5 5. Nc3 Nc6 6. Bf4 Bf5 7. e3 e6 8. Bd3 Bxd3 9. Qxd3 Bd6 10. Bxd6 Qxd6 11.
O-O O-O 12. h3 Rfc8 13. Rfc1 Na5 14. b3 Nc6 15. Na4 Nb4 16. Qe2 Ne4 17. Nd2 Rxc1+ 18. Rxc1 Nf6 19. a3 Nc6 20. Nb1 Rc8 21. b4 b6 22.
Nbc3 Qd7 23. Qd1 Ne4 24. Nb2 Nxd4 25. Qxd4 Qc7 26. Ne2 Qxc1+ 27. Nxc1 Rxc1+ 28. Kh2 f6 29. Nd3 Rc2 30. f3 Rc4 31. fxe4 Rxd4 32. exd4 dxe4 33. Nf4 Kf7 34. Kg1 g5 35. Ne2 f5 36. Kf2 Kf6 37.
Ke3 e5 38. dxe5+ Kxe5 39. g3 h5 40. h4 gxh4 41. gxh4 b5 42. Nf4 a6 43. Nxh5 Kd5 44. Nf4+ Ke5 45. Ne2 Kf6 46. Kf4 Kg6 47. Ng3 e3 48.
Kxe3 Kh6 49. Kf4 Kg6 50. Nxf5 1-0

[Event "Early-Titled-Tuesday-Blitz-March-05-2024"]
[Site "Chess.com"]
[Date "2024.03.05"]
[Round "9"]
[White "Elsa167"]
[Black "vovachesss"]
[Result "1-0"]
[WhiteElo "2926"]
[BlackElo "2798"]
[TimeControl "180+1"]
[EndTime "9:46:56 PST"]
[Termination "Elsa167 won on time"]

1. d4 d6 2. Nf3 Nf6 3. c4 g6 4. Nc3 Bf5 5. g3 Ne4 6. Nxe4 Bxe4 7. Bg2 Bg7 8. O-O O-O 9. b3 c5 10. Bb2 Nc6 11. e3 cxd4 12. Nxd4 Bxg2 13. Kxg2 Qb6 14.
Qd2 Nxd4 15. Bxd4 Bxd4 16. exd4 d5 17. c5 Qb5 18. Rfe1 e6 19. h4 b6 20. cxb6 Qxb6 21. h5 Rfc8 22. Rh1 Qd8 23. hxg6 fxg6 24. Rae1 Qf6 25.
Re3 Rf8 26. Rhe1 Rae8 27. f4 Re7 28. Re5 Rc8 29. R1e2 Rc6 30. Qe3 Kf7 31. Qd3 Rec7 32. Qf3 h5 33. Qd3 h4 34. gxh4 Rc3 35. Qa6 R3c6 36.
Qd3 Rc3 37. Qa6 Qxh4 38. Qxe6+ Kg7 39. R5e3 Rc1 40. Qe5+ Kg8 41. Qe8+ Kg7 42. Re7+ 1-0

[Event "Early-Titled-Tuesday-Blitz-March-05-2024"]
[Site "Chess.com"]
[Date "2024.03.05"]
[Round "9"]
[White "tetrix83"]
[Black "whiteglovethief"]
[Result "0-1"]
[WhiteElo "2621"]
[BlackElo "2513"]
[TimeControl "180+1"]
[EndTime "9:46:56 PST"]
[Termination "whiteglovethief won on time"]

1. e4 e6 2. d3 d5 3. Nd2 Nc6 4. Ngf3 Nf6 5. c3 e5 6. b4 d4 7. cxd4 Nxd4 8. Nxe5 Bxb4 9. Rb1 c5 10.
Qa4+ b5 11. Qd1 O-O 12. Be2 Re8 13. Nf3 Nxf3+ 14. gxf3 Nh5 15. Rxb4 cxb4 16. Nb3 Qf6 17. d4 Nf4 18. Rg1 Bh3 19. Be3 Ng2+ 20. Kd2 Rac8 21. Bxb5 Red8 22. Ke2 Nf4+ 23. Ke1 Be6 24. d5 a5 25. Bd4 Qh6 26. Bxg7 Qxh2 27. Rg3 Ng6 28. Bf6 Bxd5 29. Bxd8 Rxd8 30. exd5 Qh1+ 31. Bf1 Re8+ 32. Kd2 Qh2 33. Bg2 Qh6+ 34. Kc2 Qf4 35. Qd4 Qc7+ 36.
Kb1 Re1+ 37. Kb2 Re2+ 38. Nd2 Re1 39. Qc4 Qb6 40. d6 Qxd6 41. Qc2 Qd4+ 42. Kb3 Qxf2 43. Rg5 Re3+ 0-1

[Event "Early-Titled-Tuesday-Blitz-March-05-2024"]
[Site "Chess.com"]
[Date "2024.03.05"]
[Round "9"]
[White "Hurghada"]
[Black "amanjazu"]
[Result "0-1"]
[WhiteElo "2391"]
[BlackElo "2538"]
[TimeControl "180+1"]
[EndTime "9:46:57 PST"]
[Termination "amanjazu won by resignation"]

1. d4 Nf6 2. c4 g6 3. Nc3 Bg7 4.
e4 d6 5. Nf3 O-O 6. Be3 c5 7.
d5 Bg4 8. Be2 Nbd7 9. O-O a6 10.
Nd2 Bxe2 11. Qxe2 Ne8 12. a4 Nc7 13. a5 Rb8 14. Ra2 b5 15. axb6 Rxb6 16. f4 Qb8 17. Nf3 Qb7 18. Bc1 Rb8 19. e5 e6 20.
exd6 Rxd6 21. Rd1 exd5 22. Nxd5 Nxd5 23. cxd5 Rxd5 24. Rxd5 Qxd5 25. Rxa6 c4 26. Qd2 Qc5+ 27. Kh1 Nf6 28. h3 Ne4 29. Qd7 c3 30. Rc6 Qf5 31.
Qxf5 gxf5 32. b4 h5 33. Ng5 Nxg5 34. fxg5 Rxb4 35. Rc8+ Kh7 36. Kh2 h4 37. g3 Be5 38.
Kg2 hxg3 39. Rc5 Re4 40. Rc6 Re2+ 41. Kf1 Rf2+ 42. Kg1 f4 43. Rc4 f3 44. Bf4 Rg2+ 45. Kf1 Bxf4 46. Rxf4 c2 47. Rc4 Rh2 48. Kg1 f2+ 0-1

[Event "Early-Titled-Tuesday-Blitz-March-05-2024"]
[Site "Chess.com"]
[Date "2024.03.05"]
[Round "9"]
[White "Boorchess"]
[Black "jk13"]
[Result "0-1"]
[WhiteElo "2517"]
[BlackElo "2685"]
[TimeControl "180+1"]
[EndTime "9:46:58 PST"]
[Termination "jk13 won on time"]

1. d4 Nf6 2. Bg5 Ne4 3. Bf4 Nc6 4. f3 Nf6 5. e4 d5 6. e5 Nd7 7. c3 Nb6 8. Bd3 g6 9. Qc2 Bg7 10. Be3 f6 11. f4 O-O 12. Nf3 fxe5 13. fxe5 Bf5 14.
Nbd2 e6 15. h3 a5 16. g4 Bxd3 17. Qxd3 a4 18. O-O Na5 19. b3 Qd7 20. h4 Nc6 21. h5 axb3 22. axb3 Rxa1 23. Rxa1 Qe8 24. h6 Bh8 25.
Ng5 Nd7 26. Ndf3 Qe7 27. b4 Nb6 28. Rf1 Nc4 29. Bc1 Nb8 30. Kg2 Nd7 31. Rf2 c6 32. Qf1 b6 33. Nh3 c5 34. bxc5 bxc5 35. Bg5 Qe8 36. Bc1 Ndb6 37. Nfg5 Rxf2+ 38. Qxf2 Nd7 39. Nxh7 Kxh7 40. Ng5+ Kg8 41. h7+ Kg7 42. Bf4 cxd4 43. cxd4 Nf8 44. Qh4 Qe7 45. Qh3 Qb7 46. Nxe6+ Nxe6 47. Qh6+ Kf7 48. Bd2 Nxd2 49. Qxd2 Kg7 0-1